 Dungeon Crawl Stone Soup version 0.22-a0-159-g7ce444f (webtiles) character file.

3115 mhoghedin the Sneak (level 9, -2/85 HPs)
             Began as a Green Draconian Ice Elementalist on Feb 9, 2018.
             Was an Initiate of Sif Muna.
             Slain by a gargoyle
             ... wielding a +0 mace
              (8 damage)
             ... on level 8 of the Dungeon.
             The game lasted 00:28:21 (9547 turns).

mhoghedin the Sneak (DrIE)                          Turns: 9547, Time: 00:28:22

Health: -2/85      AC: 24    Str: 14 (15) XL:     9   Next: 60%
Magic:  6/15       EV:  2    Int: 19      God:    Sif Muna [......]
Gold:   139        SH:  0    Dex: 12 (14) Spells: 1/16 levels left

rFire    . . .     SeeInvis .   t - +1 short sword of Valour {speed, Str+5} (curse)
rCold    . . .     Gourm    .   (no shield)
rNeg     + + +     Faith    .   (armour unavailable)
rPois    +         Spirit   .   (helmet currently unavailable)
rElec    .         Reflect  .   (cloak currently unavailable)
rCorr    .         Harm     .   (gloves currently unavailable)
MR       +....     Rnd*Rage +   (boots currently unavailable) Stlth +++.......NoTele +
                                (no amulet)
HPRegen  0.24/turn              q - ring of flight {+Fly, !d}
MPRegen  0.14/turn              r - ring of protection from magic {MR+, !d}

@: tree-form, very slightly contaminated
A: (breathe noxious fumes), unfitting armour, agile 1, berserk 1, frail 1,
mutation resistance 1, AC +7
a: Renounce Religion


You were on level 8 of the Dungeon.
You worshipped Sif Muna.
Sif Muna was noncommittal.
You were not hungry.
You were a tree.
You visited 1 branch of the dungeon, and saw 8 of its levels.
You also visited: Sewer.

You collected 307 gold pieces.
You spent 168 gold pieces at shops.

Inventory:

Hand Weapons
 t - the cursed +1 short sword of Valour (weapon) {speed, Str+5}
   (You bought it in a shop on level 6 of the Dungeon)

   Attacks with this weapon are significantly faster.
   It affects your strength (+5).
   It has a curse placed upon it.
 z - a +2 dagger of draining
   (You took it off an orc wizard on level 6 of the Dungeon)
Armour
 n - a +1 pair of boots (melded)
   (You found it on level 1 of the Dungeon)
 y - a +2 pair of gloves (melded)
   (You found it on level 5 of the Dungeon)
Jewellery
 l - a cursed -2 ring of intelligence {unknown}
   (You found it on level 6 of the Dungeon)
 q - a ring of flight (left branch) {+Fly, !d}
   (You found it on level 1 of the Dungeon)
 r - a ring of protection from magic (right branch) {MR+, !d}
   (You found it on level 4 of the Dungeon)
 s - a cursed amulet of inaccuracy {unknown}
   (You found it on level 7 of the Dungeon)
 v - a cursed -3 ring of evasion {unknown}
   (You took it off a wight on level 6 of the Dungeon)
Scrolls
 g - 5 scrolls of magic mapping {!r}
 h - a scroll of enchant weapon
 i - a scroll of fear
 j - a scroll of immolation {!r}
 k - 6 scrolls of remove curse
 A - a scroll of teleportation
 B - a scroll of identify
 C - a scroll of blinking {!r}
 D - a scroll of enchant armour
 E - a scroll of random uselessness {unknown}
Potions
 c - a potion of lignification {!q}
 d - 2 potions of magic
 e - a potion of cancellation {unknown}
 f - a potion of berserk rage {unknown}
 o - a potion of haste
 u - 4 potions of brilliance
 w - a potion of agility {unknown}
 x - 2 potions of curing
Books
 a - a book of Frost
 m - a book of Maledictions
   (You found it on level 4 of the Dungeon)
 p - the Catalogue of Attacks
   (You found it on level 7 of the Dungeon)

   Spells                             Type                      Level
   a - Throw Frost                    Conjuration/Ice              2
   b - Static Discharge               Conjuration/Air              3
   c - Force Lance                    Conjuration/Translocation    4
   d - Sticky Flame                   Conjuration/Fire             4
   e - Irradiate                      Conjuration/Transmutation    5
Comestibles
 b - 11 rations


   Skills:
 - Level 1.5 Fighting
 - Level 5.6 Short Blades
 - Level 1.7 Dodging
 + Level 6.8 Stealth
 - Level 4.0 Spellcasting
 - Level 3.1 Conjurations
 + Level 4.9 Hexes
 - Level 2.6 Charms
 + Level 6.5 Ice Magic


You had one spell level left.
You knew the following spells:

 Your Spells              Type           Power        Failure   Level  Hunger
a - Freeze                Ice            ####         1%          1    None
b - Throw Icicle          Conj/Ice       ###.....     19%         4    ####...
c - Ensorcelled Hibernat  Hex/Ice        ####..       1%          2    ##.....
d - Confuse               Hex            ###.....     5%          3    ###....
x - Throw Frost           Conj/Ice       ###...       2%          2    ##.....
A - Ozocubu's Armour      Chrm/Ice       ###.....     6%          3    ###....


Dungeon Overview and Level Annotations

Branches:
Dungeon (8/15)             Temple (0/1) D:7
   Lair: D:8-11

Altars:
Cheibriados
Ru
Sif Muna
Xom
The Shining One

Shops:
D:5 [   D:6 (

Annotations:
D:4 2 transporters


Innate Abilities, Weirdness & Mutations

((You can breathe blasts of noxious fumes.))
((Your lurid green scales are hard. (AC +7)))
You cannot fit into any form of body armour.
((Your system is resistant to poisons. (rPois)))
((You are cold-blooded and may be slowed by cold attacks.))
You are agile. (Dex +2)
You tend to lose your temper in combat.
You are frail. (-10% HP)
You are somewhat resistant to further mutation.


Message History

You take 6 damage, and have 51/57 hp.
You now have 11/15 mp.
Okay, then.
Unknown command.
Aim: a sky beast (heavily wounded)
You freeze the sky beast. The sky beast barely misses you.
You now have 10/15 mp.
Aim: a sky beast (severely wounded)
You freeze the sky beast.
You kill the sky beast!
Sif Muna accepts your kill.
You now have 9/15 mp.
You can't see any susceptible monsters within range! (Use Z to cast anyway.) Unknown command.
You start resting.
You regained 3 hp, and now have 54/57 hp.
You regained 2 mp, and now have 11/15 mp.
A gargoyle is nearby!
A gargoyle is nearby!
Unknown command.
Okay, then.
Unknown command.
Health restored: 57 You start resting.
Okay, then.
Unknown command.
You can't see any susceptible monsters within range! (Use Z to cast anyway.)
Aim: a gargoyle, wielding a mace (chance to defeat MR: 34%)
The gargoyle appears confused.
The gargoyle hits you with a mace!
You take 10 damage, and have 47/57 hp.
You now have 11/15 mp.
You hit the gargoyle. You hit the gargoyle but do no damage.
You tail-slap the gargoyle, but do no damage.
You hit the gargoyle but do no damage. You hit the gargoyle.
You hit the gargoyle. You hit the gargoyle.
You hit the gargoyle but do no damage. You hit the gargoyle but do no damage.
The gargoyle hits you but does no damage.
You hit the gargoyle but do no damage. You hit the gargoyle but do no damage.
The gargoyle seems less confused.
The gargoyle hits you with a mace!!
You take 19 damage, and have 31/57 hp.
MASSIVE DAMAGE!!
Unknown command.
Okay, then.
Unknown command.
Aim: a gargoyle, wielding a mace (moderately damaged, chance to defeat MR: 34%)
The gargoyle easily resists.
You now have 10/15 mp.
Aim: a gargoyle, wielding a mace (moderately damaged, chance to defeat MR: 34%)
The gargoyle easily resists.
The gargoyle hits you with a mace!
You take 11 damage, and have 20/57 hp.
You now have 7/15 mp.
Unknown command.
Aim: a gargoyle, wielding a mace (moderately damaged, chance to defeat MR: 34%)
You miscast Confuse.
You are very lightly contaminated with residual magic.
You hear an indistinct dissonance whispering inside your mind.
The gargoyle hits you but does no damage.
You now have 5/15 mp.
You aren't carrying any items that you can evoke.
Really quaff
c - 2 potions of lignification {!q}?
You turn into a tree.
Your +2 pair of gloves melds into your body.
Your +1 pair of boots melds into your body.
Your roots penetrate the ground.
The gargoyle hits you but does no damage.
You now have 31/85 hp.
You hit the gargoyle but do no damage. You hit the gargoyle but do no damage.
The gargoyle hurls a stone arrow at you.
The stone arrow hits you!
* * * LOW HITPOINT WARNING * * *
You take 18 damage, and have 13/85 hp.
MASSIVE DAMAGE!!
Okay, then.
Unknown command.
Unknown command.
You hit the gargoyle but do no damage. You hit the gargoyle but do no damage.
The gargoyle hurls a stone arrow at you.
The stone arrow hits you!
* * * LOW HITPOINT WARNING * * *
You take 12 damage, and have 1/85 hp.
Unknown command.
You feel better.
The gargoyle hits you but does no damage.
You regained 9 hp, and now have 10/85 hp.
You hit the gargoyle but do no damage. You hit the gargoyle but do no damage.
The gargoyle hits you but does no damage.
You barely miss the gargoyle. You hit the gargoyle but do no damage.
The gargoyle hurls a stone arrow at you.
The stone arrow hits you!
* * * LOW HITPOINT WARNING * * *
You take 4 damage, and have 6/85 hp.
You closely miss the gargoyle. You hit the gargoyle but do no damage.
The gargoyle hits you with a mace!
You die...

#######.# #..##.#. #....##
#..##.##< #.....## ..##..##.
####.###..## . #......
.[.........## #9......
#.........## #........ ##
#####..........###....##### .#
#...'.......###.#.....#####
.######.###....9♣.#..............
.....##.# #.......#.........###..
####.##.###.......#......#......#
####............>..?.....# ... #
#........................# # # #
......############...†...# #
##..### ###.....# # #..## ##....#
# #.## #:..# #


You could see a gargoyle.

Vanquished Creatures
  The ghost of Azzok the Cleaver, a novice GrFi (D:5)
  The ghost of ThereIsNoGod the Geomancer, a novice FoEE of Qazlal (D:6)
  A spriggan (D:7)
  A sky beast (D:8)
  An ice beast (D:5)
  4 ogres
  2 centaurs
  A big kobold (D:8)
  2 bullfrogs
  A wyvern zombie (D:5)
  3 scorpions
  3 wights
  6 crimson imps
  A jelly (D:7)
  A centaur zombie (D:7)
  2 orc wizards (D:6)
  An orc priest (D:7)
  2 iguanas
  Natasha (thrice) (D:2)
  3 worker ants
  Robin (D:2)
  13 adders
  4 gnolls (D:6)
  6 oozes (Sewer)
  A worm (D:2)
  An adder skeleton (D:8)
  An adder zombie (D:6)
  4 dart slugs
  13 leopard geckos
  8 orcs
  20 giant cockroaches
  12 goblins
  9 hobgoblins
  18 jackals
  8 kobolds
  A quokka (D:6)
  11 ball pythons (Sewer)
  9 bats
  11 frilled lizards
  A jackal zombie (D:6)
  13 rats
205 creatures vanquished.

Notes
Turn   | Place    | Note
-------+----------+-------------------------------------------
     0 | D:1      | mhoghedin the Draconian Ice Elementalist began the quest for the Orb.
     0 | D:1      | Reached XP level 1. HP: 14/14 MP: 3/3
   296 | D:1      | Reached XP level 2. HP: 19/20 MP: 0/5
   718 | D:1      | Reached XP level 3. HP: 20/26 MP: 7/7
   722 | D:1      | Learned a level 2 spell: Throw Frost
   726 | D:1      | Learned a level 3 spell: Ozocubu's Armour
  1067 | D:2      | Noticed Natasha
  1076 | D:2      | Killed Natasha
  1444 | D:2      | Noticed Natasha
  1453 | D:2      | Killed Natasha
  1453 | D:2      | Reached skill level 3 in Spellcasting
  1453 | D:2      | Reached skill level 1 in Charms
  1453 | D:2      | Reached XP level 4. HP: 21/33 MP: 2/8
  1598 | D:2      | Found a sacrificial altar of Ru.
  1759 | D:2      | Reached skill level 4 in Ice Magic
  1837 | D:2      | Noticed Robin
  1882 | D:2      | Killed Robin
  2186 | D:2      | Noticed Natasha
  2190 | D:2      | Killed Natasha
  2190 | D:2      | Reached skill level 2 in Conjurations
  2190 | D:2      | Reached XP level 5. HP: 33/38 MP: 6/9
  2319 | D:2      | Learned a level 4 spell: Throw Icicle
  3339 | D:3      | Found a shimmering altar of Xom.
  3602 | D:4      | Found a glowing golden altar of the Shining One.
  3713 | D:4      | Found a transporter.
  3876 | D:4      | Reached skill level 2 in Charms
  3958 | D:4      | Found a transporter.
  4011 | D:4      | Found a snail-covered altar of Cheibriados.
  4335 | D:5      | Entered Level 5 of the Dungeon
  4335 | D:5      | Found Noxof's Antique Armour Shop.
  4335 | D:5      | Noticed a centaur
  4347 | D:5      | Killed a centaur
  4347 | D:5      | Reached XP level 6. HP: 34/45 MP: 0/11
  4374 | D:5      | Noticed Azzok's ghost (novice GrFi)
  4499 | D:5      | Reached skill level 3 in Conjurations
  4649 | D:5      | Found a glowing drain.
  4658 | D:5      | Reached skill level 4 in Spellcasting
  4666 | Sewer    | Entered a sewer
  4825 | Sewer    | Learned a level 2 spell: Ensorcelled Hibernation
  5124 | Sewer    | Reached skill level 5 in Ice Magic
  5124 | Sewer    | Your scales start taking on a lurid green colour.
  5124 | Sewer    | Reached XP level 7. HP: 50/50 MP: 10/13
  5124 | Sewer    | Gained mutation: Your system is resistant to poisons. (rPois) [Green Draconian growth]
  5155 | Sewer    | Reached skill level 2 in Stealth
  5466 | Sewer    | Reached skill level 1 in Short Blades
  5466 | Sewer    | Reached skill level 1 in Hexes
  5762 | D:5      | Killed Azzok's ghost
  5762 | D:5      | Reached skill level 3 in Short Blades
  5762 | D:5      | Reached skill level 3 in Stealth
  5762 | D:5      | Reached skill level 2 in Hexes
  5762 | D:5      | Reached XP level 8. HP: 57/57 MP: 14/14
  5788 | D:5      | Reached skill level 6 in Ice Magic
  5996 | D:5      | Reached skill level 4 in Stealth
  5996 | D:5      | Reached skill level 3 in Hexes
  6536 | D:6      | Noticed ThereIsNoGod's ghost (novice FoEE)
  6947 | D:5      | Learned a level 3 spell: Confuse
  7063 | D:6      | Reached skill level 4 in Short Blades
  7145 | D:6      | Found a deep blue altar of Sif Muna.
  7231 | D:6      | Found Bekkoth's Antique Weapon Emporium.
  7234 | D:6      | Bought a bloodstained short sword for 168 gold pieces
  7234 | D:6      | Identified the cursed +1 short sword of Valour {speed, Str+5} (You bought it in a shop on level 6 of the Dungeon)
  7341 | D:6      | Reached skill level 1 in Fighting
  7560 | D:6      | Reached XP level 9. HP: 58/64 MP: 8/15
  7625 | D:6      | HP: 16/64 [ThereIsNoGod's ghost/stone arrow (14)]
  7630 | D:6      | Gained mutation: Your body sometimes deteriorates upon taking damage. [potion of mutation]
  7630 | D:6      | Gained mutation: You have a pair of small horns on your head. [potion of mutation]
  7635 | D:6      | HP: 12/96 [ThereIsNoGod's ghost/stone arrow (16)]
  7651 | D:6      | Killed ThereIsNoGod's ghost
  7651 | D:6      | Reached skill level 5 in Short Blades
  7651 | D:6      | Reached skill level 5 in Stealth
  7706 | D:6      | Lost mutation: Your body sometimes deteriorates upon taking damage. [potion of mutation]
  7706 | D:6      | Lost mutation: You have a pair of small horns on your head. [potion of mutation]
  7706 | D:6      | Gained mutation: You are agile. (Dex +2) [potion of mutation]
  7706 | D:6      | Gained mutation: You are frail. (-10% HP) [potion of mutation]
  7706 | D:6      | Gained mutation: You tend to lose your temper in combat. [potion of mutation]
  7706 | D:6      | Gained mutation: You are somewhat resistant to further mutation. [potion of mutation]
  8079 | D:6      | Became a worshipper of Sif Muna the Loreminder
  8272 | D:7      | Reached skill level 6 in Stealth
  8272 | D:7      | Reached skill level 4 in Hexes
  8513 | D:7      | Identified the Catalogue of Attacks
  8988 | D:7      | Found a staircase to the Ecumenical Temple.
  9240 | D:8      | Noticed a gargoyle
  9538 | D:8      | HP: 13/85 [gargoyle/stone arrow (18)]
  9540 | D:8      | HP: 1/85 [gargoyle/stone arrow (12)]
  9545 | D:8      | HP: 6/85 [gargoyle/stone arrow (4)]
  9547 | D:8      | Slain by a gargoyle

Vault maps used:
D:1:      sevenhm_arrival_forest_fort_small_3
D:2:      nicolae_ru_path_of_blood, first_ration, uniq_robin, uniq_natasha
D:3:      lemuel_coloured_pillars_altar, kennysheep_minor_cross,
          kennysheep_generic_room_4
D:4:      gammafunk_steamed_eel, old_standard_altar, kennysheep_slug_shrine
D:5:      gup_sewer_entry_pipe, serial_shops, shop
D:6:      tgw_sif, serial_shops, nicolae_shop_window_shopping, water_maze_lemuel
D:7:      minmay_temple_entry_enclosed_plants, serial_co_window_serial,
          co_window_corner_a, co_window_paths_b, co_window_paths_a,
          co_window_paths_a, co_window_corner_a, co_window_unsneaky_path_d,
          co_window_cross_4, co_window_of_opportunity_b, co_window_broadway_a,
          co_window_broadway_a, co_window_broadway_a, glass_columns_a,
          the_bakery
D:8:      minmay_blocky_corners, lemuel_mausoleum_altar_yredelemnul,
          minmay_large_rounded_square, minmay_diamond_spiral
Sewer:    sewer_frog_island_02

Skill      XL: |  1  2  3  4  5  6  7  8  9 |
---------------+----------------------------+-----
Spellcasting   | 3 4 |  4.0
Charms         | 1 2 |  2.6
Ice Magic      | 4 5 6 |  6.5
Conjurations   | 2 3 |  3.1
Stealth        | 3 4 6 |  6.8
Short Blades   | 3 4 5 |  5.6
Hexes          | 2 3 4 |  4.9
Fighting       | 1 |  1.5
Dodging        | |  1.7

Action                   |  1- 3 |  4- 6 |  7- 9 || total
-------------------------+-------+-------+-------++-------
Melee: Dagger            |     6 |       |    60 ||    66
       Short sword       |    78 |    88 |   243 ||   409
       Tailslap          |     6 |    12 |    18 ||    36
       Unarmed           |     1 |       |       ||     1
 Cast: Freeze            |    20 |   109 |    65 ||   194
       Throw Frost       |       |     5 |     9 ||    14
       Ozocubu's Armour  |       |     1 |       ||     1
       Ensorcelled Hiber |       |     2 |    15 ||    17
       Confuse           |       |       |    15 ||    15
       Throw Icicle      |       |       |     1 ||     1
 Abil: Breathe Noxious F |       |       |     3 ||     3
Evoke: Wand              |       |       |    13 ||    13
  Use: Scroll            |       |     9 |     4 ||    13
       Potion            |       |     2 |    12 ||    14
 Stab: Sleeping          |     7 |     3 |    13 ||    23
       Confused          |       |       |     3 ||     3
  Eat: Chunk             |     1 |     9 |     8 ||    18
       Ration            |       |     1 |     3 ||     4
Armor: Skin              |    38 |   101 |   121 ||   260
Dodge: Dodged            |    66 |   178 |   168 ||   412

Table legend:
 A = Spawn XP
 B = Non-spawn XP
 C = Spawn XP percentage of total XP
 D = Spawn monster count
 E = Non-spawn monster count
 F = Spawn count percentage of total count
 G = Total turns spent on level
                    A         B        C        D         E        F      G
               +---------+---------+-------+---------+---------+-------+---------
         Total |       0 |    4450 |   0.0 |       0 |     205 |   0.0 |  9547
               +---------+---------+-------+---------+---------+-------+---------
           D:1 |       0 |      43 |   0.0 |       0 |      26 |   0.0 |   839
           D:2 |       0 |     190 |   0.0 |       0 |      32 |   0.0 |  1481
           D:3 |       0 |      90 |   0.0 |       0 |      24 |   0.0 |  1156
           D:4 |       0 |      54 |   0.0 |       0 |       3 |   0.0 |  1017
           D:5 |       0 |    1310 |   0.0 |       0 |      22 |   0.0 |  1311
           D:6 |       0 |    1491 |   0.0 |       0 |      27 |   0.0 |  1481
           D:7 |       0 |     694 |   0.0 |       0 |      14 |   0.0 |  1144
           D:8 |       0 |     288 |   0.0 |       0 |       7 |   0.0 |   293
         Sewer |       0 |     290 |   0.0 |       0 |      50 |   0.0 |   825
               +---------+---------+-------+---------+---------+-------+---------

Vault maps used:
D:1:      sevenhm_arrival_forest_fort_small_3
D:2:      nicolae_ru_path_of_blood, first_ration, uniq_robin, uniq_natasha
D:3:      lemuel_coloured_pillars_altar, kennysheep_minor_cross,
          kennysheep_generic_room_4
D:4:      gammafunk_steamed_eel, old_standard_altar, kennysheep_slug_shrine
D:5:      gup_sewer_entry_pipe, serial_shops, shop
D:6:      tgw_sif, serial_shops, nicolae_shop_window_shopping, water_maze_lemuel
D:7:      minmay_temple_entry_enclosed_plants, serial_co_window_serial,
          co_window_corner_a, co_window_paths_b, co_window_paths_a,
          co_window_paths_a, co_window_corner_a, co_window_unsneaky_path_d,
          co_window_cross_4, co_window_of_opportunity_b, co_window_broadway_a,
          co_window_broadway_a, co_window_broadway_a, glass_columns_a,
          the_bakery
D:8:      minmay_blocky_corners, lemuel_mausoleum_altar_yredelemnul,
          minmay_large_rounded_square, minmay_diamond_spiral
Sewer:    sewer_frog_island_02

Table legend:
 A = Turns spent in this place as a percentage of turns spent in the entire game.
 B = Non-inter-level travel turns spent in this place as a percentage of non-inter-level travel turns spent in the entire game.
 C = Inter-level travel turns spent in this place as a percentage of turns spent in this place.
 D = Turns resting spent in this place as a percentage of non-inter-level travel turns spent in this place.
 E = Turns spent auto-exploring this place as a percentage of non-inter-level travel turns spent in this place.
 F = Non-inter-level travel turns spent in this place divided by the number of levels of this place that you've seen.
                   A       B       C       D       E      F
               +-------+-------+-------+-------+-------+----------------------
         Total | 100.0 | 100.0 |   5.7 |  27.4 |  49.7 | 1000.4
       Dungeon |  91.4 |  90.8 |   6.2 |  24.9 |  54.5 | 1022.4
         Sewer |   8.6 |   9.2 |   0.0 |  52.6 |   2.4 | 825.0
               +-------+-------+-------+-------+-------+----------------------

Table legend:
 A = Kills in this place as a percentage of kills in entire the game.
 B = Kills by you in this place as a percentage of kills by you in the entire game.
 C = Kills by friends in this place as a percentage of kills by friends in the entire game.
 D = Other kills in this place as a percentage of other kills in the entire game.
 E = Experience gained in this place as a percentage of experience gained in the entire game.
 F = Experience gained in this place divided by the number of levels of this place that you have seen.
                   A       B       C       D       E      F
               +-------+-------+-------+-------+-------+----------------------
         Total | 100.0 | 100.0 |   N/A | 100.0 | 100.0 | 494.4
       Dungeon |  75.6 |  75.4 |   N/A | 100.0 |  93.5 | 520.0
         Sewer |  24.4 |  24.6 |   N/A |   0.0 |   6.5 | 290.0
               +-------+-------+-------+-------+-------+----------------------
